 Dungeon Crawl Stone Soup version 0.32-a0-422-g28b100f618 (webtiles) character file.

Game seed: 5981949907423348587

51 Dittersdorf the Covered (level 3, 0/24 HPs)
             Began as a Gargoyle Fighter on Feb 21, 2024.
             Was an Initiate of Gozag.
             Slain by an orc priest
             ... wielding a +0 falchion
              (3 damage)
             ... on level 2 of the Dungeon.
             The game lasted 00:01:00 (1135 turns).

Dittersdorf the Covered (Gargoyle Fighter)          Turns: 1135, Time: 00:01:01

Health: 0/24       AC: 10    Str: 21    XL:     3   Next: 83%
Magic:  3/3        EV:  9    Int:  8    God:    Gozag
Gold:   172        SH:  4    Dex:  9    Spells: 2/2 levels left

rFire   . . .        a - +0 flail
rCold   . . .        c - +0 buckler
rNeg    + + .        b - +0 scale mail
rPois   ∞            (no helmet)
rElec   +            (no cloak)
rCorr   .            (no gloves)
SInv    .            (no boots)
Will    .....        (no amulet) Stlth
                     e - ring of positive energy
HPRegen 0.24/turn    (no ring)
MPRegen 0.08/turn

%: no passive effects
@: no status effects
A: sickness immunity, AC +3, negative energy resistance 1, electricity
resistance, torment resistance 1, petrification resistance
a: Renounce Religion, Potion Petition, Call Merchant, Bribe Branch


You were on level 2 of the Dungeon.
You worshipped Gozag.
Gozag was aware of your devotion.
You visited 1 branch of the dungeon, and saw 3 of its levels.

You collected 234 gold pieces.
You paid 62 gold pieces to Gozag.

Inventory:

Hand Weapons
 a - a +0 flail (weapon)
Armour
 b - a +0 scale mail (worn)
 c - a +0 buckler (worn)
Jewellery
 e - a ring of positive energy (left hand)
Scrolls
 f - a scroll of teleportation {unknown}
 g - a scroll of identify {unknown}
 h - a scroll of fear {unknown}
 l - a scroll of revelation {unknown}
Potions
 d - a potion of might
 i - a potion of haste {unknown}
 j - a potion of enlightenment {unknown}
 k - a potion of brilliance {unknown}


   Skills:
 + Level 3.8 Fighting
 + Level 2.6 Maces & Flails
 + Level 3.8 Armour
 + Level 3.8 Shields


You had 2 spell levels left.
You didn't know any spells.
Your spell library was empty.

Dungeon Overview and Level Annotations

Branches:
Dungeon (3/15)

Altars:
Gozag


Innate Abilities, Weirdness & Mutations

You are immune to sickness and miasma.
Your stone body is resilient. (AC +3)
You are immune to poison.
You resist negative energy. (rN+)
You are resistant to electric shocks. (rElec)
You are resistant to unholy torment.
You are immune to petrification.


Message History

Found 32 gold pieces.
There is a stone staircase leading up here.
There are monsters nearby!
There are monsters nearby!
You block the orc priest's attack.
There is a stone staircase leading up here.
The orc priest hits you with a +0 falchion.
You climb upwards.
There is a stone staircase leading down here.
You block the orc priest's attack. You block the orc's attack.
You climb downwards.
The orc hits you but does no damage. The orc barely misses you.
There is a stone staircase leading up here.
The orc hits you but does no damage. The orc hits you with a +0 dagger. x2
The orc barely misses you. The orc priest completely misses you.
You climb upwards.
There is a stone staircase leading down here.
You hit the orc priest.
The orc priest is lightly wounded.
You block the orc's attack. The orc hits you with a +0 dagger.
The orc hits you but does no damage. The orc hits you with a +0 whip.
The orc priest looks braver for a moment.
You hit the orc priest.
The orc priest is heavily wounded.
The orc hits you but does no damage. x3; The orc priest closely misses you.
You block the orc's attack. The orc hits you but does no damage.
You barely miss the orc priest.
The orc priest is heavily wounded.
You block the orc's attack. The orc barely misses you.
The orc priest hits you with a +0 falchion!
* * * LOW HITPOINT WARNING * * *
The orc barely misses you. The orc closely misses you.
The orc hits you but does no damage. The orc hits you with a +0 dagger.
* * * LOW HITPOINT WARNING * * *
You hit the orc priest but do no damage.
The orc priest is heavily wounded.
The orc closely misses you.
The orc priest hits you with a +0 falchion.
You die...
Your body crumbles into a pile of gold.

.........).#........###..........
####.###..##................_...#
#.#.................###......#
#...####........#....#......##
#..####..(....................
#.###...#..#...###........#..#
###.###.###..#.######...##.....#
#.............ooo...............
####....#####..o@##...........#..
......### ###.##o#............##.
...<..# ##...##............=.##.
......# #..#.##.#####.#.#.....#.
.....#####....##..# #.#........#
...........######.####.[.........
....#.#>...# #......##.##)####
....#.#.#### ####.####.##..#.#
....#...# #........"###.#.####


You could see an orc priest and 4 orcs.

Vanquished Creatures
  An adder (D:2)
  2 endoplasms (D:1)
  3 goblins
  3 hobgoblins
  2 jackals (D:2)
  6 kobolds
  A quokka (D:2)
  A ball python (D:1)
  A bat (D:1)
  A frilled lizard (D:1)
  3 rats (D:1)
24 creatures vanquished.

Notes
Turn   | Place    | Note
-------+----------+-------------------------------------------
     0 | D:1      | Dittersdorf the Gargoyle Fighter began the quest for the
                  | Orb.
     0 | D:1      | Reached XP level 1. HP: 14/14 MP: 1/1
    54 | D:1      | Reached XP level 2. HP: 8/19 MP: 2/2
   431 | D:1      | Reached XP level 3. HP: 23/23 MP: 3/3
   699 | D:2      | Found an opulent altar of Gozag.
   746 | D:2      | Found a faded altar of an unknown god.
   892 | D:2      | Became a worshipper of Gozag Ym Sagoz the Greedy
  1135 | D:2      | Slain by an orc priest

Illustrated notes

Levels and vault maps discovered:
D:1:      ncdulo_watergridlock, layout_basic, minmay_pentomino_s2
D:2:      layout_rooms, hellmonk_ecumenical_altar_arch_garden, basic_altar
D:3:      layout_rooms, mainiacjoe_overflow_big_doors, minivault_4,
          uniq_crazy_yiuf_cottage

Action                     || total
---------------------------++-------
  Melee: Flail             ||    69
 Armour: Scale mail        ||    78
  Dodge: Dodged            ||    56
  Block: Buckler           ||    22

Table legend: (Time is in decaauts)
 A = Elapsed time spent in this place.
 B = Non-inter-level travel time spent in this place.
 C = Inter-level travel time spent in this place.
 D = Time resting spent in this place.
 E = Time spent auto-exploring this place.
 F = Levels seen in this place.
 G = Mean time per level.
                   A        B        C        D        E       F      G
               +--------+--------+--------+--------+--------+-----+--------+
         Total |   1157 |   1097 |     60 |     50 |    838 |   3 |  385.7 |
       Dungeon |   1157 |   1097 |     60 |     50 |    838 |   3 |  385.7 |
               +--------+--------+--------+--------+--------+-----+--------+

Top non-repeatable levels by time:
     D:1: 713 daAuts
     D:2: 437 daAuts
     D:3: 6 daAuts
